Map: Ley Lines

Players

BabyMarine - Winner!

  • Race: Terran Terran
  • Spawn Location: 1:00

Harstem

  • Race: Protoss Protoss
  • League: Grandmaster
  • Spawn Location: 7:00

Event: HomeStory Cup XXVI

VOD

Have the link to the VOD?

Description

Time

  • Played on: Nov. 30, 2024, 3:08 p.m.
  • Length: 10:27

All games in this series

Show
View Real Time Build Order
Export as new Build Order

BabyMarine Terran - Winner!

Build Orders: 1/1/1 

Get SALT Encoding   

  12  0:00  SCV  
  13  0:12  SCV  
  14  0:17  Supply Depot  
  14  0:24  SCV  
  14  0:27  Refinery  
  15  0:38  SCV  
  16  0:45  Barracks  
  16  0:50  SCV  
  17  1:03  Engineering Bay  
  17  1:08  SCV  
  18  1:20  SCV  
  19  1:32  Marine  
  20  1:33  Orbital Command  
  20  1:39  Factory  
  20  1:52  Supply Depot, Barracks Reactor  
  20  1:59  SCV  
  21  2:11  SCV  
  21  2:14  Refinery  
  22  2:25  Starport  
  22  2:26  SCV  
  23  2:33  Hellion x2  
  27  2:37  Supply Depot  
  27  2:38  SCV  
  28  2:53  Barracks Tech Lab  
  28  2:54  Hellion  
  30  2:59  Hellion  
  30  3:03  Medivac  
  33  3:15  Command Center  
  33  3:22  SCV  
  33  3:26  Cyclone  
  37  3:30  Marine  
  38  3:36  SCV  
  39  3:41  Supply Depot  
  39  4:03  SCV, Marine x2  
  39  4:09  Siege Tank  
  41  4:11  Barracks  
  41  4:15  SCV  
  42  4:20  Marine x2  
  44  4:27  SCV  
  45  4:39  Marine x2  
  45  4:40  SCV  
  45  4:41  Siege Tank  
  45  4:43  Barracks  
  51  4:50  Orbital Command  
  51  4:52  SCV  
  52  5:01  Supply Depot  
  52  5:02  Barracks Tech Lab  
  52  5:03  Marine  
  52  5:04  Marine  
  52  5:05  SCV  
  52  5:13  Marine  
  53  5:16  SCV  
  53  5:18  SCV  
  53  5:20  Marine  
  56  5:22  Siege Tank  
  59  5:29  SCV  
  59  5:30  SCV  
  59  5:32  Barracks Tech Lab x2  
  61  5:37  Supply Depot  
  61  5:38  Marine  
  61  5:39  Marine  
  61  5:42  SCV  
  65  5:45  Supply Depot  
  65  5:49  Engineering Bay  
  64  5:50  Refinery, Medivac  
  64  5:57  SCV  
  64  6:01  Marine x2  
  64  6:04  Stimpack  
  67  6:06  SCV  
  67  6:09  SCV  
  67  6:10  Marine  
  67  6:11  Factory Reactor  
  70  6:12  Combat Shield  
  70  6:13  Marine  
  71  6:19  SCV, Marine  
  71  6:21  SCV  
  71  6:22  Terran Infantry Weapons Level 1  
  71  6:23  Supply Depot, Marine  
  71  6:24  Starport Reactor  
  75  6:31  SCV  
  76  6:34  Marine  
  76  6:35  Marine  
  76  6:37  SCV, Marine  
  79  6:40  Marine  
  79  6:45  SCV  
  79  6:50  Widow Mine x2  
  79  6:53  Marauder  
  82  6:55  SCV  
  82  6:57  Marine  
  82  6:58  Marauder  
  82  6:59  Supply Depot  
  82  7:00  Supply Depot  
  84  7:09  SCV  
  84  7:11  Marine, Widow Mine x2  
  84  7:14  Marauder  
  84  7:15  Marine  
  92  7:19  Marauder  
  86  7:26  Medivac x2  
  86  7:29  Marine  
  88  7:35  Marine, Widow Mine x2  
  88  7:36  Concussive Shells, Marauder  
  95  7:37  Command Center  
  95  7:45  Barracks  
  95  7:46  Barracks, Marauder  
  95  7:47  Marine  
  95  7:50  SCV x2  
  100  7:52  Refinery  
  100  7:53  Supply Depot  
  100  7:57  Marauder  
  102  8:01  Marine, Widow Mine x2  
  105  8:10  Marine  
  105  8:11  Marauder  
  106  8:18  Marauder  
  106  8:19  Marine  
  97  8:28  Marine  
  97  8:32  Marauder  
  96  8:36  Marine  
  96  8:39  Widow Mine x2, Medivac x2  
  96  8:40  Marauder, Barracks Reactor  
  107  8:46  Marine  
  108  8:52  Marine  
  108  8:54  Marine, Marauder  
  112  9:01  Marauder  
  114  9:04  Marine  
  114  9:09  Marine  
  115  9:12  Marine  
  115  9:15  Marauder  
  110  9:18  Marine x2  
  110  9:22  Marine  
  110  9:23  Marauder  
  115  9:27  Marine  
  115  9:31  Medivac  
  112  9:32  Medivac  
  112  9:33  SCV x2  
  112  9:36  Marauder  
  117  9:42  Marine x2  
  117  9:44  Marauder  
  113  9:47  Marine  
  112  9:54  Barracks Tech Lab  
  112  9:58  Marauder  
  112  10:04  Ghost Academy  
Show
View Real Time Build Order
Export as new Build Order

Harstem Protoss 

Build Orders: Phoenix Opening, Blink Stalkers 

Get SALT Encoding   

  12  0:00  Probe  
  13  0:12  Probe  
  14  0:17  Pylon  
  14  0:24  Probe  
  15  0:32  Probe  
  15  0:37  Gateway  
  15  0:40  Probe  
  16  0:45  Assimilator  
  17  0:51  Probe  
  18  1:03  Probe  
  19  1:15  Probe  
  20  1:24  Cybernetics Core  
  20  1:29  Probe  
  21  1:35  Pylon  
  21  1:43  Probe  
  22  1:50  Adept  
  22  1:53  Nexus  
  24  2:01  Warp Gate  
  24  2:05  Assimilator  
  24  2:09  Probe  
  24  2:10  Stalker  
  25  2:21  Probe  
  28  2:27  Pylon  
  28  2:33  Probe  
  29  2:39  Sentry  
  31  2:45  Probe  
  32  2:53  Phoenix  
  32  2:57  Probe  
  33  3:00  Stalker  
  35  3:07  Probe  
  35  3:10  Probe  
  35  3:11  Twilight Council  
  35  3:12  Gateway  
  35  3:19  Probe  
  36  3:22  Probe  
  37  3:29  Gateway  
  37  3:31  Probe  
  38  3:35  Probe  
  39  3:42  Pylon  
  39  3:43  Probe  
  40  3:49  Blink  
  40  3:53  Stalker  
  42  3:58  Phoenix  
  41  4:06  Probe  
  41  4:07  Stalker  
  41  4:08  Probe  
  44  4:18  Probe  
  44  4:20  Probe  
  46  4:30  Stalker x2, Probe  
  51  4:32  Probe  
  51  4:36  Pylon  
  52  4:43  Probe  
  52  4:45  Probe  
  54  4:52  Pylon  
  54  4:55  Probe  
  54  4:57  Probe  
  54  5:01  Stalker x2  
  58  5:07  Probe  
  58  5:08  Phoenix  
  58  5:12  Nexus  
  60  5:16  Stalker  
  60  5:18  Assimilator, Probe  
  62  5:21  Assimilator  
  62  5:26  Probe  
  63  5:30  Probe  
  63  5:31  Stalker x2  
  68  5:42  Probe  
  69  5:44  Robotics Facility  
  69  5:46  Probe  
  70  5:56  Charge  
  70  5:59  Phoenix  
  70  6:01  Pylon  
  70  6:08  Pylon  
  70  6:15  Templar Archives  
  70  6:17  Gateway  
  70  6:19  Probe x2  
  70  6:20  Gateway  
  70  6:21  Stalker x2  
  76  6:27  Stalker  
  76  6:31  Probe x2  
  79  6:34  Probe  
  80  6:44  Probe x2  
  80  6:45  Stalker x2  
  80  6:46  Probe  
  87  6:52  Stalker  
  87  6:54  Shield Battery  
  87  6:56  Probe x2  
  93  7:08  Zealot x2  
  96  7:11  Phoenix  
  96  7:14  Probe  
  90  7:20  Stalker x2, Probe  
  90  7:21  Stalker  
  90  7:22  Probe  
  80  7:23  Probe  
  80  7:28  Probe  
  80  7:29  Warp Prism  
  78  7:30  Probe, Psionic Storm  
  78  7:31  Stalker x2  
  78  7:32  Probe  
  87  7:43  Gateway, Probe  
  87  7:45  Gateway, Probe  
  89  7:56  Pylon  
  89  7:58  High Templar x2  
  91  7:59  Zealot x3  
  99  8:17  Nexus, Pylon  
  97  8:22  Pylon  
  97  8:25  High Templar  
  97  8:26  Zealot x2  
  101  8:31  Zealot x2  
  97  8:36  Forge  
  97  8:38  High Templar  
  97  8:40  Probe  
  100  8:42  Probe  
  100  8:44  Forge  
  101  8:49  Zealot x3  
  107  8:55  Immortal  
  107  8:58  Zealot x3  
  107  9:02  Pylon  
  117  9:04  Probe  
  117  9:05  Probe  
  117  9:06  Probe  
  112  9:14  High Templar  
  98  9:19  Zealot x3, High Templar  
  98  9:20  Zealot x2  
  106  9:26  Immortal  
  89  9:51  Sentry, High Templar x2  
  89  9:52  Zealot x2  
  95  9:55  Archon  
  86  10:16  Archon  
  86  10:17  Zealot x2  
Tags
 
Add a new tag
Caveats
  • Supply blocks, unpowered buildings, or Contaminate may cause inaccurate times.
  • Supply counts are checked every 10 seconds.